 Dungeon Crawl Stone Soup version 0.28-a0-664-gc179e30c89 (webtiles) character file.

Game seed: 10832329186796897192

10 kipponium the Skirmisher (level 2, 21/24 HPs)
             Began as a Demonspawn Abyssal Knight on Oct 16, 2021.
             Was a Follower of Lugonu.
             Quit the game on level 1 of the Dungeon.
             The game lasted 00:02:44 (547 turns).

kipponium the Skirmisher (Demonspawn Abyssal Knight) Turns: 547, Time: 00:02:44

Health: 21/24      AC:  4    Str: 13    XL:     2   Next: 10%
Magic:  3/3        EV: 11    Int: 11    God:    Lugonu [*.....]
Gold:   11         SH:  0    Dex: 13    Spells: 1/1 levels left

rFire   . . .      SeeInvis .   a - +1 mace
rCold   . . .      Faith    .   (no shield)
rNeg    . . .      Spirit   .   b - +0 leather armour
rPois   .          Reflect  .   (no helmet)
rElec   .          Harm     .   (no cloak)
rCorr   .          Rampage  .   c - +0 pair of gloves
Will    .....                   (no boots)
Stlth   +.........              (no amulet)
HPRegen 0.08/turn               (no ring)
MPRegen 0.08/turn               (no ring)

@: no status effects
A: sturdy frame 1
a: Renounce Religion, Depart the Abyss


You were on level 1 of the Dungeon.
You worshipped Lugonu.
Lugonu was aware of your devotion.
You visited 1 branch of the dungeon, and saw 1 of its levels.
You visited the Abyss 1 time.

You collected 11 gold pieces.

Inventory:

Hand Weapons
 a - a +1 mace (weapon)
Armour
 b - a +0 leather armour (worn)
 c - a +0 pair of gloves (worn)
Potions
 d - a potion of curing {unknown}


   Skills:
 - Level 3.0 Fighting
 + Level 0.2 Short Blades
 * Level 0.9(1.4) Axes
 - Level 1.7(1.9) Maces & Flails
 + Level 0.1 Bows
 - Level 1.7 Armour
 - Level 0.8 Dodging
 + Level 0.3 Shields
 + Level 0.2 Conjurations
 + Level 0.1 Fire Magic
 + Level 0.1 Ice Magic
 - Level 2.4 Invocations


You had one spell level left.
You didn't know any spells.
Your spell library contained the following spells:

 Spells                   Type           Power      Damage    Failure   Level
 Sting                    Tmut/Pois      0%         1d3       36%         1
 Poisonous Vapours        Pois/Air       0%         N/A       50%         2
 Olgreb's Toxic Radiance  Pois           0%         N/A       98%         4


Dungeon Overview and Level Annotations

Branches:
Dungeon (1/15)

Altars:

Shops:
D:1 *(?


Innate Abilities, Weirdness & Mutations

Your movements are slightly less encumbered by armour. (ER -2)


Message History

You feel less encumbered by your armour.
d - a smoky brown potion You see here a bat corpse.
You start resting.
HP restored.
Found a stone staircase leading down.
There is an entrance to Coeduz's General Store here.
You can access your shopping list by pressing '$'.
A rat comes into view.
Found a stone staircase leading down.
You barely miss the rat. The rat bites you. The rat misses you.
You closely miss the rat. The rat closely misses you.
You closely miss the rat. The rat misses you.
You closely miss the rat. The rat bites you but does no damage.
The rat closely misses you.
You hit the rat.
You kill the rat!
Lugonu accepts your kill.
You see here a rat corpse.
Found 5 poisoned darts.
A hobgoblin comes into view.
The hobgoblin shouts!
The hobgoblin hits you but does no damage.
The hobgoblin barely misses you.
You hit the hobgoblin.
The hobgoblin is almost dead.
The hobgoblin hits you but does no damage.
You completely miss the hobgoblin.
The hobgoblin is almost dead.
The hobgoblin closely misses you.
You hit the hobgoblin but do no damage.
The hobgoblin is almost dead.
The hobgoblin hits you. The hobgoblin closely misses you.
You hit the hobgoblin but do no damage.
The hobgoblin is almost dead.
The hobgoblin hits you but does no damage.
You hit the hobgoblin.
You kill the hobgoblin!
Lugonu accepts your kill.
Are you sure you want to abandon this character and quit the game? (Confirm with "yes".)

### .. .#####(
.......######.. #..@.......
#.†..##...# ###.....# #
###.#...##### . .#
####...#.......###.# ..
##....###.......#...#..#
#..#### #.........# ..#
#.## ##.......####.#
####.######..†.......^..##.


There were no monsters in sight!

Vanquished Creatures
  An endoplasm (D:1)
  A giant cockroach (D:1)
  A hobgoblin (D:1)
  A quokka (D:1)
  2 bats (D:1)
  3 frilled lizards (D:1)
  2 rats (D:1)
11 creatures vanquished.

Vanquished Creatures (others)
  4 starspawn tentacles (Abyss:1)
4 creatures vanquished.

Grand Total: 15 creatures vanquished

Notes
Turn   | Place    | Note
-------+----------+-------------------------------------------
     0 | Abyss:1  | kipponium the Demonspawn Abyssal Knight began the quest for
                  | the Orb.
     0 | Abyss:1  | Reached XP level 1. HP: 18/18 MP: 2/2
    93 | Abyss:1  | Noticed a tentacled starspawn
   111 | Abyss:1  | Noticed a starcursed mass
   127 | Abyss:1  | Noticed a rakshasa
   128 | D:1      | Escaped the Abyss
   342 | D:1      | Found Opsaj's Magic Scroll Shop.
   374 | D:1      | Found Cainasamnemp's Weapon Emporium.
   436 | D:1      | Found Coeduz's General Store.
   439 | D:1      | Reached * piety under Lugonu
   444 | D:1      | Gained mutation: Your movements are slightly less
                  | encumbered by armour. (ER -2) [demonic ancestry]
   444 | D:1      | Reached XP level 2. HP: 18/24 MP: 3/3
   547 | D:1      | Quit the game

Illustrated notes

Levels and vault maps discovered:
D:1:      scummos_arrival_gate, layout_rooms, serial_shops, shop, shop,
          nicolae_shop_trees, shop, minmay_rat_gold_closets

Action                   || total
-------------------------++-------
Melee: Mace              ||    37
Invok: Depart the Abyss  ||     1
Armor: Leather armour    ||    11
Dodge: Dodged            ||    29

Table legend: (Time is in decaauts)
 A = Elapsed time spent in this place.
 B = Non-inter-level travel time spent in this place.
 C = Inter-level travel time spent in this place.
 D = Time resting spent in this place.
 E = Time spent auto-exploring this place.
 F = Levels seen in this place.
 G = Mean time per level.
                   A        B        C        D        E       F      G
               +--------+--------+--------+--------+--------+-----+--------+
         Total |    558 |    558 |      0 |    102 |    188 |   2 |  279.0 |
       Dungeon |    430 |    430 |      0 |    102 |    188 |   1 |  430.0 |
         Abyss |    128 |    128 |      0 |      0 |      0 |   1 |  128.0 |
               +--------+--------+--------+--------+--------+-----+--------+

Top non-repeatable levels by time:
     D:1: 430 daAuts
 Abyss:1: 128 daAuts
